 Dungeon Crawl Stone Soup version 0.30-b1-2-g02819fbbbe (webtiles) character file.

Game seed: 2222450380480239577

497683 Armakuni the Impregnable (level 26, 0/202 HPs)
             Began as a Human Gladiator on May 16, 2023.
             Was a High Priest of the Shining One.
             Killed from afar by an ancient lich (72 damage)
             ... with a bolt of acid
             ... on level 5 of the Vaults on May 17, 2023.
             The game lasted 02:31:19 (43456 turns).

Armakuni the Impregnable (Human Gladiator)         Turns: 43456, Time: 02:31:19

Health: 0/202      AC: 38    Str: 33    XL:     26   Next: 43%
Magic:  20/32      EV: 13    Int: 11    God:    the Shining One [*****.]
Gold:   4004       SH: 32    Dex: 16    Spells: 25/25 levels left

rFire   + . .        a - +4 eveningstar (heavy)
rCold   + . .        K - +5 Storm Queen's Shield {shock, Fly rElec}
rNeg    + + +        H - +0 gold dragon scales
rPois   +            C - +0 helmet of Angogaabeh {rN+ Str+4}
rElec   +            B - +0 cloak
rCorr   .            w - +2 pair of gloves {hurl}
SInv    +            m - +1 pair of boots
Will    ++...        R - amulet of regeneration Stlth
                     V - +6 ring of strength
HPRegen 1.33/turn    Y - ring of Oboloy {Will+ SInv}
MPRegen 0.23/turn

%: no passive effects
@: divinely shielded, flying, glowing
A: low MP 1, shaggy fur 1
}: 2/15 runes: serpentine, barnacled
a: Renounce Religion, Divine Shield, Cleansing Flame, Summon Divine Warrior


You were on level 5 of the Vaults.
You worshipped the Shining One.
The Shining One was extremely pleased with you.
You visited 10 branches of the dungeon, and saw 43 of its levels.
You visited 1 ziggurat, and saw 6 of its levels.
You also visited: Sewer, Ossuary, Gauntlet, Ice Cave, Volcano and Wizlab.

You collected 5610 gold pieces.
You spent 1606 gold pieces at shops.

Inventory:

Hand Weapons
 a - a +4 heavy eveningstar (weapon)
 b - a +2 sacred scourge of holy wrath
Missiles
 n - 9 boomerangs (quivered)
 r - 3 throwing nets
 F - 8 silver boomerangs
 Z - 14 javelins
Armour
 m - a +1 pair of boots (worn)
 w - a +2 pair of gloves of hurling (worn)
 x - a +2 kite shield of fire resistance
 B - a +0 cloak (worn)
 C - the +0 helmet of Angogaabeh (worn) {rN+ Str+4}
   (You found it in a Gauntlet)

   Str:       It affects your strength (+4).
   rN:        It protects you from negative energy.
 H - +0 gold dragon scales (worn)
 K - the +5 Storm Queen's Shield (worn) {shock, Fly rElec}
   (You found it on level 3 of the Crypt)

   Shock:     When it blocks an attack, it may electrocute the attacker.
   This works even against foes who are a short distance away.
   rElec:     It insulates you from electricity.
   Fly:       It grants you flight.
Jewellery
 D - the ring of Valiol {Drain rPois rC++ rN+ MP+9}
   (You found it on level 3 of the Crypt)

   [ring of positive energy]

   rC:        It greatly protects you from cold.
   rPois:     It protects you from poison.
   rN:        It protects you from negative energy.
   MP:        It affects your magic capacity (+9).
   Drain:     It drains your maximum health when unequipped.
 R - an amulet of regeneration (around neck)
 V - a +6 ring of strength (left hand)
 Y - the ring of Oboloy (right hand) {Will+ SInv}
   (You found it on level 11 of the Dungeon)

   [ring of see invisible]

   SInv:      It lets you see invisible.
   Will:      It increases your willpower.
Wands
 k - a wand of digging (19)
 v - a wand of flame (89)
 P - a wand of acid (21)
 Q - a wand of roots (7)
 T - a wand of charming (27)
Scrolls
 c - 9 scrolls of noise
 h - 19 scrolls of teleportation
 i - 5 scrolls of poison
 q - 27 scrolls of identify
 s - 11 scrolls of amnesia
 t - 5 scrolls of fog
 y - 8 scrolls of vulnerability
 A - 10 scrolls of fear
 E - 11 scrolls of blinking
 G - 2 scrolls of summoning
 M - a scroll of immolation
 N - 8 scrolls of magic mapping
 U - 4 scrolls of brand weapon
 X - 2 scrolls of silence
Potions
 d - a potion of cancellation
 e - 9 potions of mutation
 f - 12 potions of lignification
 g - 4 potions of flight
 j - 13 potions of curing
 o - 11 potions of heal wounds
 p - a potion of brilliance
 u - 8 potions of might
 z - 4 potions of haste
 I - 4 potions of magic
 J - 4 potions of resistance
 W - a potion of berserk rage
Miscellaneous
 l - a condenser vane (inert)


   Skills:
 - Level 15.6 Fighting
 + Level 24.3(24.4) Maces & Flails
 - Level 3.9(16.6) Staves
 - Level 13.1 Throwing
 - Level 26.1 Armour
 - Level 12.0 Dodging
 - Level 15.0 Shields
 - Level 17.6 Invocations


You had 25 spell levels left.
You didn't know any spells.
Your spell library contained the following spells:

 Spells                   Type           Power      Damage    Failure   Level
 Foxfire                  Conj/Fire      0%         2x1d4     93%         1
 Freeze                   Ice            0%         1d3       93%         1
 Kiss of Death            Conj/Necr      0%         2d5       93%         1
 Necrotise                Necr           0%         1d4       93%         1
 Sandblast                Erth           0%         2d4       93%         1
 Shock                    Conj/Air       0%         1d3       93%         1
 Slow                     Hex            0%         N/A       93%         1
 Blink                    Tloc           0%         N/A       98%         2
 Cigotuvi's Dreadful Rot  Necr/Pois/Air  0%         N/A       98%         2
 Ensorcelled Hibernation  Hex/Ice        0%         N/A       98%         2
 Lesser Beckoning         Tloc           0%         N/A       98%         2
 Momentum Strike          Conj/Tloc      0%         3d8       98%         2
 Passwall                 Tmut/Erth      0%         N/A       98%         2
 Poisonous Vapours        Pois/Air       0%         N/A       98%         2
 Static Discharge         Conj/Air       0%         2-2/arc   98%         2
 Sublimation of Blood     Necr           0%         N/A       98%         2
 Confusing Touch          Hex            0%         N/A       100%        3
 Frozen Ramparts          Ice            0%         1d1       100%        3
 Gell's Gravitas          Tloc           0%         N/A       100%        3
 Hailstorm                Conj/Ice       0%         3d3       100%        3
 Ignite Poison            Fire/Tmut/Pois 0%         N/A       100%        3
 Inner Flame              Hex/Fire       0%         N/A       100%        3
 Mephitic Cloud           Conj/Pois/Air  0%         N/A       100%        3
 Ozocubu's Armour         Ice            0%         N/A       100%        3
 Portal Projectile        Hex/Tloc       0%         N/A       100%        3
 Spider Form              Tmut/Pois      0%         N/A       100%        3
 Stone Arrow              Conj/Erth      0%         3d7       100%        3
 Swiftness                Air            0%         N/A       100%        3
 Teleport Other           Tloc           0%         N/A       100%        3
 Tukima's Dance           Hex            0%         N/A       100%        3
 Vampiric Draining        Necr           0%         2d6       100%        3
 Vhi's Electric Charge    Tloc/Air       0%         N/A       100%        3
 Airstrike                Air            0%         2d(0-16)  100%        4
 Anguish                  Hex/Necr       0%         N/A       100%        4
 Cause Fear               Hex            0%         N/A       100%        4
 Dispel Undead            Necr           0%         3d6       100%        4
 Ice Form                 Ice/Tmut       0%         N/A       100%        4
 Leda's Liquefaction      Hex/Erth       0%         N/A       100%        4
 Olgreb's Toxic Radiance  Pois           0%         N/A       100%        4
 Petrify                  Tmut/Erth      0%         N/A       100%        4
 Sticky Flame             Conj/Fire      0%         2d3       100%        4
 Summon Ice Beast         Ice/Summ       0%         N/A       100%        4
 Summon Lightning Spire   Summ/Air       0%         N/A       100%        4
 Agony                    Necr           0%         N/A       100%        5
 Alistair's Intoxication  Tmut/Pois      0%         N/A       100%        5
 Arcjolt                  Conj/Air       0%         1d10      100%        5
 Blade Hands              Tmut           0%         N/A       100%        5
 Borgnjor's Vile Clutch   Necr/Erth      0%         N/A       100%        5
 Fireball                 Conj/Fire      0%         3d3       100%        5
 Freezing Cloud           Conj/Ice/Air   0%         6-21      100%        5
 Irradiate                Conj/Tmut      0%         3d11      100%        5
 Lee's Rapid Deconstruct  Erth           0%         3d4*      100%        5
 Yara's Violent Unravell  Hex/Tmut       0%         3d3       100%        5
 Dispersal                Tloc           0%         N/A       100%        6
 Eringya's Noxious Bog    Tmut/Pois      0%         N/A       100%        6
 Plasma Beam              Fire/Air       0%         2x1d11    100%        6
 Simulacrum               Ice/Necr       0%         N/A       100%        6
 Starburst                Conj/Fire      0%         6d3       100%        6
 Statue Form              Tmut/Erth      0%         N/A       100%        6
 Dragon Form              Tmut           0%         N/A       100%        7
 Ozocubu's Refrigeration  Ice            0%         4d7       100%        7
 Discord                  Hex            0%         N/A       100%        8
 Ignition                 Fire           0%         3d3       100%        8
 Maxwell's Capacitive Co  Air            0%         ∞         100%        8
 Polar Vortex             Ice            0%         N/A       100%        9


Dungeon Overview and Level Annotations

Branches:
Dungeon (15/15)            Temple (1/1) D:4            Lair (5/5) D:10
 Shoals (4/4) Lair:3        Snake (4/4) Lair:2        Slime (0/5) Lair:4
    Orc (2/2) D:10            Elf (1/3) Orc:2        Vaults (5/5) D:14
  Crypt (3/3) Vaults:2       Tomb (0/3) Crypt:3      Depths (3/4) D:15
  Sewer (visited)         Ossuary (visited)           IceCv (visited)
Volcano (visited)          WizLab (visited)         Gauntlet (visited)

Altars:
Ashenzari
Cheibriados
Dithmenos
Elyvilon
Fedhas
Gozag
Hepliaklqana
Kikubaaqudgha
Makhleb
Nemelex Xobeh
Okawaru
Qazlal
Ru
Sif Muna
Trog
Uskayaw
Vehumet
Wu Jian
Xom
Yredelemnul
Zin
The Shining One

Shops:
D:2 !   D:8 *   D:9 *   D:14 (   D:15 =   Orc:2 [:(*   Shoals:2 *   Shoals:4 [
Snake:1 :=:(   Snake:2 :   Snake:4 *=?   Vaults:1 :   Vaults:3 (   Vaults:4 (

Portals:
Hell: Depths:1 Depths:2
Abyss: D:7 Depths:2 Depths:3
Pandemonium: Depths:2 Depths:3
Trove: Depths:1 (give +3 storm dragon scales)

Annotations:
D:2 Sigmund


Innate Abilities, Weirdness & Mutations

Your magical capacity is low. (-10% MP)
You are covered in fur. (AC +1)


Message History

The ancient lich is heavily damaged.
The ancient lich points at you and mumbles some strange words.
You resist with some effort.
The hell knight mumbles some strange prayers to its god.
The hell knight seems to speed up.
Your divine shield is renewed.
A shadow wraith comes into view.
The vault sentinel blows a loud note on a signal horn!
You hear a shout! x5; You hear a deafening roar!
Unknown command.
Throw: 9 boomerangs
Press: ? - help, Q - select action, (/) - cycle Shift-Dir - straight line, f/p - ancient lich
Aim: an ancient lich (almost destroyed, slightly transparent, haloed, 86% to hit)
You throw a boomerang.
The boomerang hits the ancient lich but does no damage.
The ancient lich is moderately damaged.
Unknown command.
Activating: Cleansing Flame (0% risk of failure)
Press: ? - help, Dir - look around, f - activate The golden flame engulfs you but does no damage.
You resist.
The golden flame engulfs the ancient lich!!
The ancient lich writhes in agony!
The ancient lich is heavily damaged.
You hear a shout!
The ancient lich touches you but does no damage.
Activating: Cleansing Flame (0% risk of failure)
Press: ? - help, Dir - look around, f - activate The golden flame engulfs you but does no damage.
You resist.
The golden flame engulfs the ancient lich!!!
The ancient lich writhes in agony!
The ancient lich is almost destroyed.
The golden flame engulfs the ancient lich!
The ancient lich writhes in agony!
The ancient lich is almost destroyed.
You hear a deafening roar!
You hear a shout!
The ancient lich points at you and mumbles some strange words.
The bolt of acid hits you!!!!
You die...

##############....#
...........#
........#W.#
###.....#..#
.......#p.#
........#.p#
....Q#..#L.#
#....#..#L.# #..
#..#@.# #.)# #).#
#.)# #..# #..# #..#
#..# #..#


You could see 2 ancient liches, a hell knight (fast), a shadow wraith
(invisible) and a vault sentinel (catching breath).

Vanquished Creatures
  An ancient lich (Crypt:3)
  A dread lich (Zig:4)
  Mennas (Vaults:4)
  A curse toe (Crypt:3)
  Vashnia (Snake:4)
  A profane servitor (Zig:3)
  4 golden dragons
  A bone dragon (Zig:3)
  Zenata (Vaults:1)
  Rupert (D:14)
  2 tentacled monstrosities
  A walking divine tome (Depths:2)
  7 liches
  3 titans (Vaults:5)
  A quicksilver dragon (Depths:3)
  6 ancient champions
  3 sphinxes
  A kraken (Shoals:4)
  The ghost of Barug the Brawler, an adept TrMo of Nemelex Xobeh (Depths:1)
  Kirke (Shoals:1)
  A shadow dragon (Depths:3)
  5 storm dragons (Vaults:5)
  A revenant (Crypt:2)
  Donald (Vaults:1)
  Roxanne (Shoals:1)
  2 tengu reavers
  An emperor scorpion (Zig:1)
  12 nagarajas
  An iron dragon (Depths:3)
  5 frost giants
  2 fire giants
  2 balrugs
  2 deep elf sorcerers
  12 vault wardens
  A juggernaut zombie (Crypt:1)
  13 ghouls
  A caustic shrike zombie (Depths:1)
  A curse skull (Crypt:2)
  A draconian shifter (Zig:2)
  A spriggan defender (Depths:3)
  17 very ugly things
  A reaper (Depths:2)
  2 orc warlords
  A war gargoyle (Vaults:1)
  8 stone giants
  4 caustic shrike skeletons (Crypt:3)
  14 ironbound preservers
  7 vampire knights
  Nessos (D:14)
  2 deep elf demonologists
  3 ironbound thunderhulks
  18 dire elephants
  2 deep elf annihilators
  A purple draconian (Zig:2)
  A minotaur (Gauntlet)
  An orange crystal statue (WizLab)
  Snorg (D:11)
  2 deep elf death magi
  9 ettins
  An eidolon (Crypt:2)
  3 crystal guardians
  4 merfolk javelineers
  3 fire dragons
  9 merfolk impalers
  8 jiangshi
  A deep elf high priest (Vaults:5)
  An entropy weaver (Zig:1)
  Josephine (Lair:4)
  Fannar (D:11)
  31 vault guards
  10 yaktaur captains
  4 great orbs of eyes
  5 hydras
  A hell beast (Depths:1)
  4 ogre magi
  3 rakshasas
  3 peacekeepers
  3 salamander tyrants
  2 ice dragons
  4 merfolk avatars
  21 centaur warriors
  A juggernaut simulacrum (Depths:1)
  8 anacondas
  3 death knights
  11 ironbound frosthearts
  3 alligator snapping turtles
  5 catoblepae
  Erica (Lair:1)
  5 spriggan skeletons
  4 dancing weapons
  9 naga warriors
  5 merfolk aquamancers
  5 satyrs
  5 deep troll shamans
  8 two-headed ogres
  15 death yaks
  5 hell hogs
  5 deep troll earth magi
  4 orc high priests (Orc:2)
  7 tengu warriors
  The ghost of diceflayer the Skirmisher, a novice DsHu of Okawaru (D:11)
  A thrashing horror (D:7)
  2 spriggan berserkers
  Urug (Lair:3)
  5 vampire magi
  5 boulder beetles
  17 naga sharpshooters
  10 shock serpents
  3 deep elf knights (Elf:1)
  7 titan skeletons
  A hell knight (Depths:1)
  A skyshark (shapeshifter) (Vaults:1)
  6 skysharks
  4 sun demons (Depths:1)
  6 soul eaters
  8 salamander mystics (Snake:4)
  The ghost of darkwiz the Fighter, a novice DsCK of Xom (D:7)
  3 shadow wraiths
  2 iron trolls
  31 skeletal warriors
  A spark wasp zombie (Crypt:1)
  A death drake (Gauntlet)
  37 deep trolls
  A ghost moth zombie (Crypt:1)
  9 naga ritualists
  Lodul (D:11)
  A flayed ghost (Crypt:3)
  5 glowing orange brains
  2 bog bodies
  8 sea snakes
  3 storm dragon skeletons
  8 wizards
  A deep elf archer (Elf:1)
  2 anaconda skeletons (Crypt:3)
  2 bunyip skeletons (Crypt:3)
  24 harpies
  19 ironbound convokers
  4 orc knights
  Pikel (D:9)
  14 lindwurms
  A shadow dragon zombie (Crypt:1)
  An obsidian statue (Zig:6)
  7 deep elf zephyrmancers (Elf:1)
  A sphinx zombie (Depths:1)
  A goliath frog zombie (Crypt:1)
  5 mana vipers
  9 orc sorcerers
  12 deep elf pyromancers
  A wolf spider (D:15)
  10 phantasmal warriors
  14 salamanders
  6 necromancers
  3 tengu skeletons
  A salamander (shapeshifter) (Elf:1)
  18 fauns
  An iron giant skeleton (Crypt:3)
  7 cyclopes
  39 ugly things
  17 manticores
  10 merfolk sirens
  A moth of wrath (Gauntlet)
  2 stone giant skeletons (Vaults:2)
  16 elephants (Lair:5)
  An ice statue (IceCv)
  25 black mambas
  Maurice (D:12)
  8 human skeletons
  9 vault sentinels
  A shock serpent zombie (Crypt:3)
  4 guardian serpents
  2 rust devils
  A dire elephant zombie (Crypt:1)
  17 naga magi
  A frost giant skeleton (Depths:1)
  3 smoke demons (Depths:1)
  A titan simulacrum (Crypt:1)
  4 water nymphs
  9 cane toads
  2 gargoyles
  An unseen horror (D:8)
  A hellion (Depths:1)
  5 yaktaurs (Vaults:3)
  2 kobold demonologists (D:13)
  3 efreet
  A spark wasp simulacrum (Depths:1)
  2 rime drakes
  4 freezing wraiths
  3 tengu conjurers
  A komodo dragon (shapeshifter) (Depths:1)
  7 komodo dragons
  An alligator snapping turtle skeleton (Crypt:1)
  4 yaktaur skeletons
  2 elf skeletons (Vaults:2)
  A catoblepas skeleton (Crypt:1)
  A harpy zombie (Crypt:1)
  2 ice devils
  A red devil (Depths:2)
  A white draconian skeleton (Crypt:2)
  8 trolls
  A hellwing (Gauntlet)
  24 merfolk
  14 polar bears
  2 wind drakes
  3 meliai (D:13)
  A hydra skeleton (Crypt:3)
  A harpy skeleton (Crypt:3)
  A mana viper skeleton (Crypt:2)
  3 blink frogs (Lair:1)
  An ettin zombie (Crypt:2)
  A fire dragon zombie (Crypt:2)
  4 dream sheep (Shoals:4)
  A jumping spider zombie (Crypt:1)
  14 snapping turtles
  20 slime creatures
  2 guardian serpent skeletons
  A black mamba skeleton (Crypt:1)
  8 water elementals
  54 yaks
  2 ettin skeletons (Crypt:3)
  7 wyverns
  A fire elemental (Elf:1)
  4 basilisks
  4 fire bats
  An ice dragon skeleton (Crypt:1)
  Grum (D:11)
  16 humans (D:14)
  3 hogs (Shoals:1)
  7 wraiths
  A redback (shapeshifter) (Depths:1)
  Edmund (D:4)
  5 wargs (Orc:2)
  A two-headed ogre zombie (Crypt:1)
  2 vampire mosquitoes (D:13)
  40 nagas
  A small abomination (D:7)
  An acid dragon (D:11)
  A floating eye (Depths:1)
  A glowing shapeshifter skeleton (Vaults:2)
  12 water moccasins
  An ice beast (D:7)
  29 orc warriors
  A hornet zombie (Crypt:3)
  An ogre (shapeshifter) (D:15)
  37 wolves
  9 centaurs
  13 ogres
  A lemure (D:9)
  2 phantoms (D:6)
  6 kobold brigands
  3 gnoll sergeants
  An elf zombie (Ossuary)
  13 bullfrogs
  4 necrophages
  2 scorpions
  A cane toad simulacrum (Lair:2)
  19 wights
  A troll skeleton (Crypt:3)
  11 killer bees
  A polar bear zombie (Crypt:2)
  A yak skeleton (Crypt:1)
  3 electric eels
  A raiju skeleton (Crypt:3)
  2 howler monkeys (D:11)
  A wolf zombie (Crypt:2)
  A bullfrog zombie (Crypt:3)
  4 centaur zombies
  10 hounds
  A jelly (D:5)
  5 human zombies
  12 orc priests
  A sleepcap (D:7)
  Jessica (D:2)
  A scorpion zombie (Crypt:2)
  A basilisk skeleton (Crypt:3)
  18 orc wizards
  A wolf simulacrum (Lair:2)
  2 naga skeletons
  2 hound zombies (Ossuary)
  7 mummies
  A killer bee simulacrum (D:8)
  12 adders
  12 gnolls
  4 river rats
  2 shadow imps
  2 white imps
  7 adder zombies (Ossuary)
  2 worms
  3 dart slugs
  47 orcs
  3 bats
  A bat skeleton (Crypt:3)
  7 endoplasms
  9 giant cockroaches
  4 goblins
  4 hobgoblins
  3 jackals (D:4)
  7 quokkas
  14 ball pythons
  13 frilled lizards
  A gnoll zombie (Ossuary)
  7 goblin zombies (Ossuary)
  2 hobgoblin zombies (Ossuary)
  7 jackal zombies (Ossuary)
  15 kobolds
  2 kobold zombies (Ossuary)
  4 orc zombies
  2 quokka zombies (Ossuary)
  4 rats
  A rat zombie (Ossuary)
  3 tentacles (Shoals:4)
1718 creatures vanquished.

Vanquished Creatures (collateral kills)
  A stone giant (Depths:3)
  2 vampire knights (Crypt:1)
  A spriggan skeleton (Crypt:1)
  A two-headed ogre (Volcano)
  A hell hog (Volcano)
  A salamander mystic (Snake:4)
  4 deep trolls (Vaults:3)
  An ironbound convoker (Vaults:3)
  A phantasmal warrior (Crypt:1)
  4 naga magi (Snake:4)
  A vault sentinel (Vaults:3)
  An anaconda simulacrum (Crypt:1)
  An efreet (D:8)
  A freezing wraith (Crypt:1)
  A wraith (Crypt:1)
  A fire bat (Volcano)
  A naga (Snake:4)
  A hell hound (Volcano)
  A centaur (Volcano)
26 creatures vanquished.

Vanquished Creatures (others)
  A fire giant (Depths:3)
  A salamander mystic (Snake:4)
  A wizard (Vaults:1)
  A naga (Snake:4)
  21 fungi
  26 plants
  15 tentacles (Shoals:4)
  14 withered plants (Gauntlet)
80 creatures vanquished.

Grand Total: 1824 creatures vanquished

Notes
Turn   | Place    | Note
-------+----------+-------------------------------------------
     0 | D:1      | Armakuni the Human Gladiator began the quest for the Orb.
     0 | D:1      | Reached XP level 1. HP: 16/16 MP: 1/1
   307 | D:1      | Reached XP level 2. HP: 22/22 MP: 2/2
   719 | D:2      | Noticed Jessica
   720 | D:2      | Found a hide-covered altar of Uskayaw.
   726 | D:2      | Killed Jessica
   727 | D:2      | Reached XP level 3. HP: 12/28 MP: 3/3
   829 | D:2      | Found Vosaa's Distillery.
   845 | D:2      | Bought a potion of degeneration for 12 gold pieces
   936 | D:2      | Reached XP level 4. HP: 35/35 MP: 4/4
   974 | D:2      | Noticed Sigmund
  1125 | D:2      | Found the +6 shillelagh "Devastator" {shatter}
  1476 | D:3      | Reached skill level 1 in Maces & Flails
  1522 | D:3      | Found a faded altar of an unknown god.
  1527 | D:3      | Found a blossoming altar of Fedhas.
  1637 | D:3      | Reached XP level 5. HP: 41/41 MP: 5/5
  2163 | D:4      | Found a sand-covered staircase.
  2186 | Ossuary  | Entered an ossuary
  2225 | Ossuary  | Reached XP level 6. HP: 47/47 MP: 6/6
  2305 | Ossuary  | Reached skill level 5 in Maces & Flails
  2371 | Ossuary  | Reached XP level 7. HP: 50/52 MP: 7/7
  2589 | D:4      | Noticed Edmund
  2602 | D:4      | Killed Edmund
  3261 | D:5      | Entered Level 5 of the Dungeon
  3315 | D:5      | Reached XP level 8. HP: 58/58 MP: 8/8
  3539 | D:5      | Found a glowing drain.
  3560 | Sewer    | Entered a sewer
  4270 | D:4      | Found a snail-covered altar of Cheibriados.
  4270 | D:4      | Found a faded altar of an unknown god.
  4278 | D:4      | Found a stormy altar of Qazlal.
  4280 | D:4      | Found a faded altar of an unknown god.
  4282 | D:4      | Found a glowing golden altar of the Shining One.
  4535 | D:4      | Found a staircase to the Ecumenical Temple.
  4545 | Temple   | Entered the Ecumenical Temple
  4643 | D:4      | Became a worshipper of the Shining One
  5120 | D:6      | Reached XP level 9. HP: 64/64 MP: 9/9
  5149 | D:6      | Reached skill level 10 in Maces & Flails
  5260 | D:6      | Found a white marble altar of Elyvilon.
  5574 | D:7      | Found a broken altar of Ashenzari.
  5625 | D:7      | Found a burning altar of Makhleb.
  5628 | D:7      | Found a hazy altar of Hepliaklqana.
  5631 | D:7      | Found a one-way gate to the infinite horrors of the Abyss.
  5631 | D:7      | Noticed darkwiz's ghost (novice DsCK)
  5701 | D:7      | Found a shimmering blue altar of Sif Muna.
  5702 | D:7      | Found a shadowy altar of Dithmenos.
  5755 | D:7      | Found a transporter.
  5784 | D:7      | Noticed a thrashing horror
  5830 | D:7      | Found a transporter.
  6334 | D:7      | Found a basalt altar of Yredelemnul.
  6893 | D:8      | Found a shimmering altar of Xom.
  7249 | D:8      | Noticed an unseen horror
  7251 | D:8      | Killed an unseen horror
  7252 | D:8      | Reached XP level 10. HP: 70/70 MP: 10/10
  7648 | D:8      | Noticed a cyclops
  7648 | D:8      | Reached * piety under the Shining One
  7648 | D:8      | Noticed an efreet
  7649 | D:8      | Noticed a tengu warrior
  7651 | D:8      | Found a runed translucent door.
  7653 | D:8      | Noticed a deep elf pyromancer
  7653 | D:8      | Noticed a wizard
  7653 | D:8      | Noticed a deep elf pyromancer
  7653 | D:8      | Noticed a wizard
  7690 | D:8      | Found Veoli's Gadget Gallery.
  8416 | D:9      | Noticed a two-headed ogre
  8425 | D:9      | Killed a two-headed ogre
  8466 | D:9      | Noticed Pikel
  8473 | D:9      | Killed Pikel
  8546 | D:9      | Noticed a two-headed ogre
  8553 | D:9      | Killed a two-headed ogre
  8554 | D:9      | Reached skill level 5 in Fighting
  8733 | D:9      | Noticed a two-headed ogre
  8746 | D:9      | Killed a two-headed ogre
  8747 | D:9      | Reached XP level 11. HP: 35/84 MP: 11/11
  8929 | D:9      | Found Mruzxut's Merry Market.
  9400 | D:9      | Reached ** piety under the Shining One
  9447 | D:10     | Entered Level 10 of the Dungeon
  9505 | D:10     | Noticed a two-headed ogre
  9511 | D:10     | Killed a two-headed ogre
  9512 | D:10     | Reached skill level 3 in Armour
  9619 | D:10     | Found a staircase to the Lair.
  9623 | D:10     | Reached skill level 4 in Armour
  9630 | D:10     | Reached skill level 5 in Armour
  9649 | D:10     | Reached skill level 6 in Armour
  9966 | D:10     | Found a staircase to the Orcish Mines.
 10189 | D:8      | Killed a wizard
 10189 | D:8      | Killed a cyclops
 10189 | D:8      | Killed a wizard
 10189 | D:8      | Killed a deep elf pyromancer
 10189 | D:8      | Killed a deep elf pyromancer
 10189 | D:8      | Killed a tengu warrior
 10190 | D:8      | Reached skill level 9 in Armour
 10190 | D:8      | Reached XP level 12. HP: 69/92 MP: 12/12
 10195 | D:8      | Was placed under penance by the Shining One
 10235 | D:8      | Identified the staff of cold "Sofar" {rC+ rCorr Dex+2}
 10238 | D:8      | Identified the staff of fire "Kiddiunu" {rF+ rC+}
 10330 | Orc:1    | Entered Level 1 of the Orcish Mines
 10471 | Orc:1    | You fall into a shaft and drop 1 floor!
 10471 | Orc:2    | Entered Level 2 of the Orcish Mines
 10471 | Orc:2    | Noticed an ogre mage
 10472 | Orc:2    | Noticed a two-headed ogre
 10472 | Orc:2    | Noticed a two-headed ogre
 10472 | Orc:2    | Noticed an orc high priest
 10473 | Orc:2    | Noticed an orc high priest
 10474 | Orc:2    | Noticed a sun demon
 10475 | Orc:2    | Killed a two-headed ogre
 10476 | Orc:2    | Reached skill level 10 in Armour
 10477 | Orc:2    | Killed an ogre mage
 10477 | Orc:2    | Killed a two-headed ogre
 10477 | Orc:2    | Killed an orc high priest
 10477 | Orc:2    | Killed an orc high priest
 10514 | Orc:2    | Found a dark tunnel.
 10555 | Volcano  | Entered a volcano
 10630 | Volcano  | Noticed a hell hog
 10630 | Volcano  | Noticed a two-headed ogre
 10639 | Volcano  | Killed a hell hog
 10646 | Volcano  | Killed a two-headed ogre
 10806 | Volcano  | Noticed a hell hog
 10824 | Volcano  | Killed a hell hog
 10825 | Volcano  | Reached XP level 13. HP: 66/98 MP: 13/13
 11069 | Orc:2    | Found Nunyduox's Antique Weapon Emporium.
 11216 | Orc:2    | Reached skill level 5 in Shields
 11221 | Orc:2    | Paralysed by an orc sorcerer for 4 turns
 11275 | Orc:2    | Bought a glowing eveningstar for 594 gold pieces
 11300 | Orc:2    | Noticed an orc warlord
 11314 | Orc:2    | Found a staircase to the Elven Halls.
 11413 | Orc:2    | Gained mutation: Your magical capacity is low. (-10% MP)
                  | [potion of mutation]
 11413 | Orc:2    | Gained mutation: You are covered in fur. (AC +1) [potion of
                  | mutation]
 11418 | Orc:2    | Killed an orc warlord
 11546 | Orc:2    | Found Ziduosob's General Store.
 11560 | Orc:2    | Paralysed by an orc sorcerer for 2 turns
 11663 | Orc:2    | Paralysed by an orc sorcerer for 3 turns
 11664 | Orc:2    | Was forgiven by the Shining One
 11766 | Orc:2    | Reached skill level 1 in Invocations
 11870 | Orc:2    | Found Nenuhud's Book Boutique.
 11990 | Orc:2    | Found Wusacir's Antique Armour Emporium.
 12310 | Elf:1    | Entered Level 1 of the Elven Halls
 12392 | Lair:1   | Entered Level 1 of the Lair of Beasts
 12624 | Lair:1   | Found a gate leading to a gauntlet.
 12635 | Gauntlet | Entered a Gauntlet
 12635 | Gauntlet | Found a transporter.
 12635 | Gauntlet | Found a transporter.
 12635 | Gauntlet | Found a transporter.
 12655 | Gauntlet | Found a transporter.
 12665 | Gauntlet | Found a transporter.
 12669 | Gauntlet | Found a transporter.
 12679 | Gauntlet | Found a transporter.
 12691 | Gauntlet | Noticed a reaper
 12700 | Gauntlet | Found a transporter.
 12706 | Gauntlet | Found a transporter.
 12709 | Gauntlet | Found a transporter.
 12711 | Gauntlet | Found a runed translucent gate.
 12711 | Gauntlet | Found a runed translucent gate.
 12711 | Gauntlet | Found a runed translucent gate.
 12712 | Gauntlet | Found a large runed translucent door.
 12712 | Gauntlet | Found a large runed translucent door.
 12713 | Gauntlet | Found a large runed translucent door.
 12713 | Gauntlet | Found a large runed translucent door.
 12714 | Gauntlet | Found a large runed translucent door.
 12715 | Gauntlet | Found a large runed translucent door.
 12715 | Gauntlet | Found a large runed translucent door.
 12715 | Gauntlet | Found a runed translucent door.
 12715 | Gauntlet | Found a runed translucent door.
 12716 | Gauntlet | Found a large runed translucent door.
 12717 | Gauntlet | Found a large runed translucent door.
 12719 | Gauntlet | Found a transporter.
 12723 | Gauntlet | Found a transporter.
 12726 | Gauntlet | Found a large runed translucent door.
 12726 | Gauntlet | Found a large runed translucent door.
 12726 | Gauntlet | Found a large runed translucent door.
 12753 | Gauntlet | Found the +7 great mace "Firestarter" {flame, immolate,
                  | rFlCloud rF++}
 12761 | Gauntlet | Found a large runed translucent door.
 12761 | Gauntlet | Found a large runed translucent door.
 12764 | Gauntlet | Found a large runed translucent door.
 12764 | Gauntlet | Found a large runed translucent door.
 12868 | Gauntlet | Identified the +0 robe "Maky" {rC+}
 12898 | Gauntlet | Reached skill level 5 in Throwing
 13023 | Gauntlet | Got the Codex of the Entranced Cure
 13036 | Gauntlet | Identified the +0 helmet of Angogaabeh {rN+ Str+4}
 13040 | Gauntlet | Noticed a minotaur
 13056 | Gauntlet | Killed a minotaur
 13629 | Lair:1   | Reached XP level 14. HP: 105/105 MP: 14/14
 13770 | Lair:1   | Noticed Erica
 13777 | Lair:1   | Killed Erica
 13919 | Lair:1   | Reached *** piety under the Shining One
 13969 | Lair:2   | Reached skill level 10 in Throwing
 14259 | Lair:2   | Found a staircase to the Snake Pit.
 14468 | Lair:2   | Found a frozen archway.
 14477 | IceCv    | Entered an ice cave
 14735 | IceCv    | Reached skill level 10 in Fighting
 15316 | D:9      | Bought a manual of Maces & Flails for 880 gold pieces
 15573 | Lair:3   | Reached XP level 15. HP: 120/120 MP: 14/14
 15704 | Lair:3   | Noticed Urug
 15712 | Lair:3   | Killed Urug
 16002 | Lair:3   | Found a staircase to the Shoals.
 16147 | Lair:4   | Reached **** piety under the Shining One
 16148 | Lair:4   | Noticed Josephine
 16154 | Lair:4   | Killed Josephine
 16155 | Lair:4   | Reached skill level 15 in Maces & Flails
 16500 | Lair:4   | Found a staircase to the Slime Pits.
 16731 | Lair:5   | Entered Level 5 of the Lair of Beasts
 17188 | Lair:5   | Reached XP level 16. HP: 124/132 MP: 15/15
 18048 | D:11     | Noticed diceflayer's ghost (novice DsHu)
 18048 | D:11     | Noticed Grum
 18048 | D:11     | Found a runed translucent door.
 18048 | D:11     | Found a shimmering altar of Xom.
 18057 | D:11     | Killed Grum
 18211 | D:11     | Reached skill level 15 in Fighting
 18301 | D:11     | Noticed Fannar
 18308 | D:11     | Killed Fannar
 18428 | D:11     | Noticed Snorg
 18437 | D:11     | Killed Snorg
 18513 | D:11     | Noticed Lodul
 18521 | D:11     | Killed Lodul
 18720 | D:11     | Killed diceflayer's ghost
 18724 | D:11     | Identified the ring of Oboloy {Will+ SInv}
 18769 | D:12     | Reached ***** piety under the Shining One
 18997 | D:12     | Identified the +0 leather armour of Weightlessness {Will+++
                  | Regen+ Stlth-}
 19057 | D:12     | Reached skill level 10 in Shields
 19142 | D:12     | Noticed Maurice
 19150 | D:12     | Killed Maurice
 20167 | D:14     | Noticed Nessos
 20167 | D:14     | Noticed Rupert
 20167 | D:14     | Found a gate to the Vaults.
 20167 | D:14     | You fall into a shaft and drop 1 floor!
 20167 | D:15     | Entered Level 15 of the Dungeon
 20170 | D:15     | Found a staircase to the Depths.
 20269 | D:14     | Killed Nessos
 20272 | D:14     | Killed Rupert
 20505 | D:14     | Reached XP level 17. HP: 142/142 MP: 18/18
 20519 | D:14     | Reached skill level 5 in Invocations
 20841 | D:14     | Found Ixoefoir's Weapon Shop.
 21219 | D:15     | Found Rusmoshrye's Jewellery Shoppe.
 21474 | D:15     | Found a broken altar of Ashenzari.
 21870 | Depths:1 | Entered Level 1 of the Depths
 21870 | Depths:1 | Noticed a lich
 21880 | Depths:1 | Killed a lich
 22081 | Snake:1  | Entered Level 1 of the Snake Pit
 22308 | Snake:1  | Found Yrchyle's Weapon Boutique.
 22443 | Snake:1  | Found Qifef's Book Shoppe.
 22443 | Snake:1  | Found Makkekk's Jewellery Shop.
 22444 | Snake:1  | Found Ridurgh Sexo's Book Shoppe.
 22788 | Snake:2  | Reached ****** piety under the Shining One
 23307 | Snake:2  | Found Jiduikk's Tiny Tomes.
 23353 | Snake:2  | Reached skill level 10 in Invocations
 23424 | Snake:2  | Reached XP level 18. HP: 126/150 MP: 23/23
 24537 | Snake:4  | Entered Level 4 of the Snake Pit
 24592 | Snake:4  | Reached skill level 15 in Shields
 25150 | Snake:4  | Found Wiump's Magic Scroll Shoppe.
 25150 | Snake:4  | Found Jyihij's Jewellery Emporium.
 25153 | Snake:4  | Found Worogown's Assorted Antiques.
 25170 | Snake:4  | Noticed Vashnia
 25184 | Snake:4  | Killed Vashnia
 25185 | Snake:4  | Reached XP level 19. HP: 156/156 MP: 27/27
 25212 | Snake:4  | Reached skill level 15 in Invocations
 25220 | Snake:4  | Bought a scroll of blinking for 120 gold pieces
 25989 | Snake:4  | Got a serpentine rune of Zot
 26224 | Shoals:1 | Entered Level 1 of the Shoals
 26668 | Shoals:1 | Noticed Roxanne
 26689 | Shoals:1 | Killed Roxanne
 26956 | Shoals:1 | Noticed Kirke
 26995 | Shoals:1 | Killed Kirke
 27648 | Shoals:2 | Reached skill level 10 in Dodging
 27815 | Shoals:2 | Found Jizoem's CLEARANCE SALE!.
 28073 | Shoals:3 | Reached skill level 11 in Armour
 28761 | Shoals:4 | Entered Level 4 of the Shoals
 28957 | Shoals:4 | Reached skill level 12 in Armour
 28994 | Shoals:4 | Reached XP level 20. HP: 108/163 MP: 29/29
 29066 | Shoals:4 | Found Etomp's Antique Armour Shoppe.
 29142 | Shoals:4 | Identified the +1 dagger of Earthquakes {protect, Dex+2}
 29596 | Shoals:4 | Reached skill level 13 in Armour
 29792 | Shoals:4 | Got a barnacled rune of Zot
 29948 | Shoals:4 | Got the Codex of Lamentation and Misfortune
 30258 | D:7      | Killed darkwiz's ghost
 30492 | Elf:1    | Reached skill level 14 in Armour
 30819 | Vaults:1 | Entered Level 1 of the Vaults
 31116 | Depths:1 | Found a gateway to Hell.
 31142 | Depths:1 | Identified the +6 falchion of Plunder {protect, Drain rF+
                  | rN+ Dex+5}
 31153 | Depths:1 | Identified a +2 sacred scourge of holy wrath (a +0 vampiric
                  | demon whip blessed by the Shining One)
 31153 | Depths:1 | Received a gift from the Shining One
 31187 | Depths:1 | Found a large runed translucent door.
 31187 | Depths:1 | Found a large runed translucent door.
 31191 | Depths:1 | Reached skill level 15 in Armour
 31191 | Depths:1 | Noticed Barug's ghost (adept TrMo)
 31201 | Depths:1 | Reached XP level 21. HP: 88/169 MP: 10/30
 31772 | Depths:1 | Found a portal to a secret trove of treasure.
 31854 | Depths:1 | Killed Barug's ghost
 31923 | Depths:2 | Reached skill level 16 in Armour
 31997 | Depths:2 | Noticed a golden dragon
 32001 | Depths:2 | Killed a golden dragon
 32032 | Depths:2 | Noticed a golden dragon
 32041 | Depths:2 | Killed a golden dragon
 32360 | Depths:2 | Reached skill level 17 in Armour
 32597 | Depths:2 | Found an ornate altar of the Wu Jian Council.
 32747 | Depths:2 | Found a one-way gateway to a ziggurat.
 32994 | Depths:2 | Found a one-way gate leading to the halls of Pandemonium.
 33063 | Zig:1    | Entered Level 1 of a ziggurat
 33177 | Zig:2    | Entered Level 2 of a ziggurat
 33258 | Zig:3    | Entered Level 3 of a ziggurat
 33261 | Zig:3    | Noticed a bone dragon
 33261 | Zig:3    | Noticed a profane servitor
 33278 | Zig:3    | Killed a bone dragon
 33285 | Zig:3    | Killed a profane servitor
 33317 | Zig:4    | Entered Level 4 of a ziggurat
 33320 | Zig:4    | Noticed a dread lich
 33335 | Zig:4    | Killed a dread lich
 33336 | Zig:4    | Reached skill level 18 in Armour
 33358 | Zig:4    | Identified the +6 whip of the Equator {heavy, +Blink rElec
                  | rC- rN++}
 33364 | Zig:4    | Identified the +6 quarterstaff of the Silent Majority
                  | {heavy, rC+}
 33367 | Zig:5    | Entered Level 5 of a ziggurat
 33451 | Zig:5    | Identified the +7 chain mail of Dogma {Dex+6}
 33464 | Zig:6    | Entered Level 6 of a ziggurat
 33681 | Depths:3 | Found a magical portal.
 33686 | WizLab   | Entered Wucad Mu's Monastery
 34024 | WizLab   | Found the crystal ball of Wucad Mu {*channel}
 34170 | WizLab   | Reached XP level 22. HP: 176/176 MP: 31/31
 34383 | Depths:3 | Reached XP level 23. HP: 161/182 MP: 32/32
 34402 | Depths:3 | Reached skill level 19 in Armour
 34546 | Depths:3 | Noticed a golden dragon
 34553 | Depths:3 | Killed a golden dragon
 34566 | Depths:3 | Reached skill level 20 in Armour
 34910 | Depths:3 | Reached skill level 21 in Armour
 35010 | Vaults:1 | Noticed Zenata
 35018 | Vaults:1 | Killed Zenata
 35370 | Vaults:1 | Reached skill level 22 in Armour
 35429 | Vaults:1 | Noticed Donald
 35443 | Vaults:1 | Killed Donald
 36001 | Vaults:1 | Found Rusoesu's Book Shop.
 36029 | Vaults:1 | You fall into a shaft and drop 1 floor!
 36244 | Vaults:1 | Reached skill level 23 in Armour
 36713 | Vaults:2 | Reached XP level 24. HP: 168/189 MP: 32/32
 36926 | Vaults:2 | Found a staircase to the Crypt.
 37183 | Crypt:1  | Entered Level 1 of the Crypt
 37285 | Crypt:1  | Reached skill level 24 in Armour
 38178 | Crypt:2  | Reached skill level 25 in Armour
 38629 | Crypt:3  | Entered Level 3 of the Crypt
 38781 | Crypt:3  | Found the +5 Storm Queen's Shield {shock, Fly rElec}
 38785 | Crypt:3  | Found a staircase to the Tomb.
 39109 | Crypt:3  | Noticed an ancient lich
 39118 | Crypt:3  | Killed an ancient lich
 39185 | Crypt:3  | Reached XP level 25. HP: 195/195 MP: 32/32
 39287 | Crypt:3  | Identified the ring of Valiol {Drain rPois rC++ rN+ MP+9}
 39287 | Crypt:3  | Identified the ring of Uwioh {rN+ Will+}
 39381 | Crypt:3  | Noticed a curse toe
 39386 | Crypt:3  | Reached skill level 26 in Armour
 39387 | Crypt:3  | Killed a curse toe
 41369 | Vaults:3 | Found Zorayrar's Weapon Boutique.
 42760 | Vaults:4 | Noticed Mennas
 42777 | Vaults:4 | Killed Mennas
 42778 | Vaults:4 | Reached XP level 26. HP: 174/202 MP: 25/32
 42858 | Vaults:4 | Found Wohexima's Weapon Boutique.
 43106 | Vaults:5 | Entered Level 5 of the Vaults
 43320 | Vaults:5 | Identified the +1 leather armour of Minor Irritation
                  | {Will++}
 43418 | Vaults:5 | Identified the +6 shortbow "Yrovuror" {heavy, rF+ Str+3}
 43442 | Vaults:5 | Noticed an ancient lich
 43447 | Vaults:5 | Noticed an ancient lich
 43456 | Vaults:5 | Killed from afar by an ancient lich

Illustrated notes

Levels and vault maps discovered:
D:1:      lightli_arrival_quake, layout_loops_ring
D:2:      layout_rooms, serial_shops, shop, basic_altar, minmay_misc_feat_roman,
          minivault_27, minmay_bisected, uniq_sigmund, uniq_jessica
D:3:      layout_basic, nicolae_overflow_ecumenical_swirl
D:4:      layout_basic, chequers_temple_overflow_minitemple, temple_hall,
          nicolae_ossuary_entry_ruins, corner_web_ring, corexii_corridor_pit,
          uniq_edmund
D:5:      layout_loops_ring, portal_sewer_entry_a
D:6:      layout_basic, mainiacjoe_overflow_alcove_1, minmay_misc_feat_cross
D:7:      layout_basic, old_standard_altar, nicolae_overflow_hidden_temple,
          gammafunk_ghost_abyssal_escape
D:8:      minmay_gate_of_8, layout_basic, mainiacjoe_overflow_small_starburst,
          serial_rivers, chequers_serial_rivers_micro_c,
          chequers_serial_rivers_micro_c, chequers_serial_rivers_small_b,
          chequers_serial_rivers_marsh, serial_bayou_pond_b,
          nicolae_eternal_life, nicolae_shop_gadgets
D:9:      layout_layer_cave, minmay_misc_feat_encased, nicolae_alphabet_shops,
          uniq_pikel
D:10:     layout_grid_maze, minmay_lair_entry_grove, orc_0_dummy
D:11:     layout_loops_ring, ebering_ghost_xom, uniq_grum, uniq_lodul,
          uniq_fannar, uniq_snorg
D:12:     layout_cave_pods, drop_trap, uniq_maurice
D:13:     layout_cave_pools, serial_rivers, chequers_serial_rivers_small_b,
          chequers_serial_rivers_micro_d, chequers_serial_rivers_small_a,
          chequers_serial_rivers_micro_b, minmay_tree_intersection
D:14:     layout_long_grid, david_vaults_3, serial_shops, shop, kennysheep_boxes
D:15:     grunt_enter_depths_giant_problem, layout_irregular_city, serial_shops,
          nicolae_shop_competitors_out_of_business,
          ashenzari_conservatory_becter
Temple:   hellmonk_temple_micro_hex
Lair:1:   layout_hall_layers, gauntlet_entry_generic, uniq_erica
Lair:2:   layout_long_grid, minmay_snake_entry_spellcaster,
          portal_ice_cave_entry_ice_simulacra, minmay_lindwurm_lava
Lair:3:   layout_chaotic_city, minmay_shoals_entry_lonely_mermaid,
          chequers_serial_rivers_room_a, grunt_megastairs_2, uniq_urug
Lair:4:   layout_cave_pods, slime_entry_1, uniq_josephine
Lair:5:   evilmike_catoblepas_cave, layout_cave_shapes, serial_bayou_shore_a,
          grunt_megastairs_3
Shoals:1: layout_shoals, nicolae_shoals_arrival_archipelago, uniq_roxanne,
          uniq_kirke
Shoals:2: layout_shoals, nicolae_shop_clearance
Shoals:3: layout_shoals
Shoals:4: shoals_end_hangedman, layout_shoals, serial_shops, shop
Snake:1:  layout_rooms, serial_shops, shop, grunt_ministairs_6,
          minmay_shop_grove
Snake:2:  layout_basic, nicolae_shop_i_like_small_books_too,
          serial_bayou_crossing
Snake:3:  kennysheep_six_static_rooms, layout_concentric_octagons
Snake:4:  johnstein_snake_rune_scales, layout_cave_pods, minmay_shop_star,
          uniq_vashnia
Orc:1:    layout_diamond_mine, basic_altar
Orc:2:    grunt_orc_gardens, layout_caves, grunt_orc_garden, grunt_orc_garden,
          grunt_orc_garden, grunt_orc_garden, nicolae_volcano_entry_batcave,
          guppyfry_orc_lava_fort
Elf:1:    eino_elf_arrival_the_gate, layout_onion_city, orc_legates,
          uniq_jorgrun, uniq_asterion, uniq_nikola, uniq_frances
Vaults:1: vaults_room_hallway, nicolae_vaults_security_offices_6,
          nicolae_vaults_closet_pinwheel_2, nicolae_vaults_storage_closets_3,
          v_misc_9, nicolae_vaults_theta, hangedman_vaults_corner_blocks,
          vaults_room_fours, vaults_room_semicircle,
          hangedman_vaults_variations, nicolae_vaults_network_periphery,
          nicolae_vaults_house_2, nicolae_vaults_tetromino_L_1,
          layout_vaults_omnibox, serial_shops, shop, uniq_zenata, uniq_donald
Vaults:2: nicolae_vaults_hexular_roomagon, minmay_crypt_entry_skeletal_spiral,
          nicolae_vaults_border_crossing, nicolae_vaults_turnstiles,
          ontoclasm_vaults_misaligned, ontoclasm_vaults_tryst,
          vaults_standard_mumra_lines, hangedman_vaults_impose,
          ontoclasm_vaults_gateway, hangedman_vaults_trim,
          layout_vaults_omnigrid
Vaults:3: nicolae_vaults_offset_grid_hallway_2, grunt_vaults_hallway_short,
          nicolae_vaults_network_quinsquares
          [nicolae_vaults_network_quincunx_subvault,
          nicolae_vaults_network_quincunx_subvault,
          nicolae_vaults_network_quincunx_subvault,
          nicolae_vaults_network_quincunx_subvault],
          ontoclasm_vaults_ring_small, nicolae_vaults_house_2,
          nicolae_vaults_taking_the_gang_shopping,
          nicolae_vaults_security_offices_2, nicolae_vaults_apartment_1,
          grunt_vaults_hallway_short, nicolae_vaults_door_testing_chamber,
          nicolae_vaults_wine_cellar, nicolae_vaults_little_squares_3,
          nicolae_vaults_closet_pinwheel_4, dpeg_vaults_monster_box,
          layout_vaults_omnicross
Vaults:4: nicolae_vaults_little_squares_2, nicolae_vaults_prndl,
          nicolae_vaults_cornered_office, nicolae_vaults_storage_room_glass,
          vaults_room_door_ring, hangedman_vaults_pinch,
          vaults_room_stairs_pillars, v_pattern_1, vaults_room_semicircle,
          nicolae_vaults_closet_pinwheel_4, nicolae_vaults_tetromino_L_1,
          layout_vaults_chaotic_city, serial_shops, nicolae_shop_mannequins,
          uniq_mennas
Vaults:5
Crypt:1:  layout_gridlike, grunt_crypt_arrival_guarded_gate
Crypt:2:  layout_rooms
Crypt:3:  due_elkab, layout_chaotic_city
Depths:1: layout_cave_pools, ebering_ghost_disaster_area, enter_trove_5,
          serial_sigils_hangedman_gut, hellmouth_2, kennysheep_generic_room_2,
          serial_bayou_shore_b
Depths:2: minmay_textured_paths, layout_cross, enter_ziggurat_e, hell_entry,
          rand_demon_pan_entry_9, abyss_entry, nzn_wu_jian_council_hall,
          roderic_malta_cross
Depths:3: minmay_bubble_buster, layout_cave_shapes, hangedman_geh_valley,
          infiniplex_enter_wizlab_spiral, rand_demon_pan_entry_7, serial_rivers,
          chequers_serial_rivers_small_3, chequers_serial_rivers_micro_d,
          chequers_serial_rivers_micro_a, chequers_serial_rivers_small_b,
          abyss_entry_glasseish

Skill      XL: |  1  2  3  4  5  6  7  8  9 10 11 12 13 14 15 16 17 18 19 20 21 22 23 24 25 26 |
---------------+-------------------------------------------------------------------------------+-----
Fighting       | 3 7 8 12 13 15 | 15.6
Maces & Flails | 2 3 5 7 9 12 13 14 18 23 24 | 24.3
Armour         | 9 10 12 15 18 23 25 26 | 26.1
Dodging        | 8 10 12 | 12.0
Shields        | 2 9 12 14 15 | 15.0
Invocations    | 2 4 10 14 16 17 | 17.6
Throwing       | 7 13 | 13.1
Staves         | |  3.9

Action                     |  1- 3 |  4- 6 |  7- 9 | 10-12 | 13-15 | 16-18 | 19-21 | 22-24 | 25-27 || total
---------------------------+-------+-------+-------+-------+-------+-------+-------+-------+-------++-------
  Melee: Quarterstaff      |    36 |    29 |       |       |       |       |       |       |       ||    65
         Shillelagh        |       |    65 |   187 |   147 |   609 |   695 |   195 |       |       ||  1898
         Punch             |       |       |     1 |     4 |       |       |       |       |       ||     5
         Eveningstar       |       |       |       |       |    17 |    55 |  1104 |   920 |   430 ||  2526
         Unarmed           |       |       |       |       |       |       |    19 |       |       ||    19
         Sacred scourge    |       |       |       |       |       |       |    10 |       |       ||    10
  Throw: Throwing net      |     1 |     1 |     1 |       |       |       |       |     1 |       ||     4
         Javelin           |       |       |       |     1 |       |       |    19 |       |     2 ||    22
         Dart              |       |       |       |       |     1 |       |       |       |       ||     1
         Boomerang         |       |       |       |       |     3 |   122 |   131 |    20 |    51 ||   327
 Invoke: Divine Shield     |       |       |       |       |     1 |       |    17 |     8 |     9 ||    35
         Cleansing Flame   |       |       |       |       |       |       |    23 |    16 |    26 ||    65
         Brand Weapon With |       |       |       |       |       |       |     1 |       |       ||     1
         Summon Divine War |       |       |       |       |       |       |       |     2 |     2 ||     4
  Evoke: Wand              |       |       |     1 |    19 |     6 |     2 |     1 |     1 |     1 ||    31
         Condenser vane    |       |       |       |     1 |     1 |     2 |     1 |       |     1 ||     6
         Lightning rod     |       |       |       |       |       |     3 |     1 |       |       ||     4
    Use: Scroll            |     4 |     1 |    16 |     9 |     5 |    16 |    14 |     3 |     3 ||    71
         Potion            |       |     4 |     7 |     5 |     3 |     2 |     4 |     1 |    10 ||    36
   Stab: Sleeping          |     1 |       |       |       |       |       |       |       |       ||     1
         Held in net/web   |       |     1 |       |       |       |       |       |       |       ||     1
 Armour: Leather armour    |     4 |       |       |       |       |       |       |       |       ||     4
         Ring mail         |     2 |    30 |    79 |     8 |       |       |       |       |       ||   119
         Skin              |       |    21 |       |       |       |       |       |       |       ||    21
         Plate armour      |       |       |       |    48 |     4 |       |       |       |       ||    52
         Chain mail        |       |       |       |       |    99 |   196 |   251 |       |       ||   546
         Crystal plate arm |       |       |       |       |   125 |    41 |    84 |       |       ||   250
         Gold dragon scale |       |       |       |       |       |       |   347 |   548 |   242 ||  1137
  Dodge: Dodged            |    11 |    44 |   117 |    58 |   189 |   229 |   454 |   366 |   172 ||  1640
  Block: Kite shield       |       |       |       |       |   275 |   504 |  1340 |   912 |   537 ||  3568
         Buckler           |       |       |       |       |    26 |       |       |       |       ||    26
